[Event "Early Titled Tuesday Blitz | February 8 2022"]
[White "Bychkov, Vladimir"]
[Black "Tsvetkov, Andrey"]
[WhiteFideId "24151513"]
[BlackFideId "34139360"]
[WhiteElo "2253"]
[BlackElo "2280"]
[Result "1/2-1/2"]
[Round "01"]
[TimeControl "180+1"]
[Date "2022.02.08"]
[WhiteClock "0:00:25"]
[BlackClock "0:00:19"]

1. c4 e6 2. Nc3 d5 3. e3 Nf6 4. Nf3 c6 5. b3 Bd6 6. Bb2 O-O 7. Be2 e5 8. d3 a6 9. O-O Bg4 10. h3 Bh5 11. a3 Nbd7 12. Rc1 Re8 13. Nh4 Bxe2 14. Nxe2 b5 15. Nf5 Bf8 16. cxd5 cxd5 17. Qc2 Qb6 18. Qc6 Qb8 19. e4 dxe4 20. dxe4 Re6 21. Qc2 Qb7 22. Neg3 Nc5 23. f3 b4 24. a4 Rc8 25. Kh2 Rec6 26. Qd1 Qb8 27. Ne3 Ne6 28. Rxc6 Rxc6 29. Nd5 Ne8 30. Nf5 Kh8 31. Qa1 f6 32. Rc1 Qb7 33. Rxc6 Qxc6 34. Qc1 Qxc1 35. Bxc1 a5 36. Be3 Bc5 37. Nfe7 Bxe3 38. Nxe3 Nc5 39. Nc4 Nxb3 40. Nc6 Nc5 41. Nb2 Nb3 42. Nc4 Nc7 43. N6xa5 Nc5 44. Nc6 b3 45. N6a5 Kg8 46. Nb2 N7a6 47. Nac4 Kf7 48. Kg1 Ke6 49. Kf2 Nb4 50. Ke2 Nc2 51. a5 Kd7 52. Kd2 Kc6 53. Kc3 Nd4 54. a6 Nxa6 55. Na5+ Kd6 56. Nxb3 Ne2+ 57. Kc4 Nf4 58. g4 Nxh3 59. Nd3 Ng5 60. Ne1 Nc7 61. Nc5 Nce6 62. Ncd3 Nd4 63. f4 Nxe4 64. fxe5+ fxe5 65. Nxe5 Kxe5 66. Nd3+ Ke6 67. Kxd4 Nf6 68. Nf4+ Kf7 69. g5 Ne8 70. Ke5 Nc7 71. Kf5 Nb5 72. g6+ hxg6+ 73. Nxg6 Nd4+ 74. Kg5 Ne6+ 75. Kf5 Nd8 76. Ne5+ Kg8 77. Kg6 Ne6 78. Ng4 Nf8+ 79. Kf5 Kf7 80. Ne5+ Ke7 81. Ng6+ Kf7 82. Nxf8 Kxf8 83. Kg6 Kg8 84. Kg5 Kf7 85. Kf5 g6+ 86. Kg5 Kg7 87. Kg4 Kf6 88. Kf4 g5+ 89. Kg4 Kg6 90. Kg3 Kf5 91. Kf3 g4+ 92. Kg3 Kg5 93. Kg2 Kf4 94. Kf2 g3+ 95. Kg2 Kg4 96. Kg1 Kf3 97. Kf1 g2+ 98. Kg1 Kg3 1/2-1/2


[Site "https://www.chess.com"]

[Event "Early Titled Tuesday Blitz | February 8 2022"]
[White "Chen, Justin"]
[Black "Narayanan.S.L"]
[WhiteFideId "2098199"]
[BlackFideId "5058422"]
[WhiteElo "2466"]
[BlackElo "2494"]
[Result "0-1"]
[Round "01"]
[TimeControl "180+1"]
[Date "2022.02.08"]
[WhiteClock "0:00:01"]
[BlackClock "0:01:02"]

1. e4 e6 2. d4 d5 3. exd5 exd5 4. Nf3 Nf6 5. Bd3 Bd6 6. O-O O-O 7. Bg5 h6 8. Bh4 Bg4 9. Nbd2 Nc6 10. c3 Be7 11. Qc2 Nh5 12. Bxe7 Qxe7 13. Rfe1 Qf6 14. Ne5 Nxe5 15. Rxe5 Nf4 16. Rae1 c6 17. Nf1 g6 18. Ng3 h5 19. f3 Bd7 20. Ne2 Ne6 21. Nc1 h4 22. Qf2 h3 23. g3 Ng7 24. Bf1 Rae8 25. Nd3 Rxe5 26. Nxe5 Bc8 27. g4 Ne6 28. Bxh3 Kg7 29. Nd3 Rh8 30. Bg2 g5 31. Qg3 b6 32. Qe5 Ba6 33. Qxf6+ Kxf6 34. Ne5 c5 35. dxc5 bxc5 36. b4 cxb4 37. cxb4 Rc8 38. Nd7+ Kg7 39. Rd1 Rc2 40. Rxd5 Rxg2+ 41. Kxg2 Nf4+ 42. Kf2 Nxd5 43. a3 Bb5 44. Nc5 Kf6 45. Kg3 Ke5 46. h4 gxh4+ 47. Kxh4 Kf4 48. Nb7 f6 49. Nd6 Bd7 50. Kh5 Kxf3 51. Kg6 Kxg4 52. Kf7 f5 53. Nc4 f4 54. Ne5+ Kf5 55. Nf3 Ke4 56. Ng5+ Kd4 57. Kg6 Bg4 0-1


[Site "https://www.chess.com"]

[Event "Early Titled Tuesday Blitz | February 8 2022"]
[White "Cherniaiev, Tykhon"]
[Black "Kazarian, Anna-Maja"]
[WhiteFideId "14182360"]
[BlackFideId "1033689"]
[WhiteElo "2289"]
[BlackElo "2004"]
[Result "1/2-1/2"]
[Round "01"]
[TimeControl "180+1"]
[Date "2022.02.08"]
[WhiteClock "0:00:07"]
[BlackClock "0:00:02"]

1. Nf3 Nf6 2. c4 e6 3. b3 d5 4. Bb2 Be7 5. g3 O-O 6. Bg2 c5 7. cxd5 exd5 8. d4 Nc6 9. O-O Bf5 10. Nc3 Bg6 11. Rc1 b6 12. dxc5 bxc5 13. Na4 Qa5 14. Bxf6 Bxf6 15. Qxd5 Nb4 16. Qxc5 Qxc5 17. Rxc5 Nxa2 18. Ne5 Rad8 19. Nc6 Rd2 20. e4 a6 21. e5 Bg5 22. f4 Bd8 23. f5 Bh5 24. Nxd8 Rfxd8 25. e6 Re2 26. h3 fxe6 27. fxe6 Bg6 28. Nb6 h6 29. Nd7 Nb4 30. Ne5 Be4 31. Bxe4 Rxe4 32. e7 Re8 33. Ng6 Kh7 34. Rf8 R4xe7 35. Rxe8 Rxe8 36. Nf4 Rd8 37. Rc7 Re8 38. Nh5 Kg6 39. Nxg7 Re3 40. g4 Rxb3 41. Nf5 Kg5 42. Kg2 Nd5 43. Rd7 Nf4+ 44. Kh2 Rxh3+ 45. Kg1 Kxg4 46. Nd4 Rg3+ 47. Kf2 Ra3 48. Rg7+ Kh5 49. Nf5 Nh3+ 50. Kg2 Ng5 51. Ng3+ Kg4 52. Nf1 Ra2+ 53. Kg1 Kh3 54. Rb7 Nf3+ 55. Kh1 Rf2 56. Rb1 a5 57. Ra1 a4 58. Rb1 a3 59. Ra1 a2 60. Rd1 Rb2 61. Ra1 Rb1 62. Rxb1 axb1=Q 1/2-1/2


[Site "https://www.chess.com"]

[Event "Early Titled Tuesday Blitz | February 8 2022"]
[White "Chernomordik, Pavel"]
[Black "Alekseev, Evgeny"]
[WhiteFideId "2804530"]
[BlackFideId "4138147"]
[WhiteElo "2249"]
[BlackElo "2589"]
[Result "0-1"]
[Round "01"]
[TimeControl "180+1"]
[Date "2022.02.08"]
[WhiteClock "0:00:15"]
[BlackClock "0:00:20"]

1. e4 c5 2. Nc3 Nc6 3. Bb5 Nd4 4. Bc4 e6 5. Nge2 Nf6 6. O-O a6 7. a4 d6 8. d3 Nc6 9. Nf4 Be7 10. h3 O-O 11. Re1 b6 12. Nce2 d5 13. exd5 exd5 14. Ba2 Bb7 15. Ng3 g6 16. c3 Re8 17. Bd2 Qd6 18. h4 Bf8 19. h5 Bg7 20. Nh3 Rxe1+ 21. Qxe1 Re8 22. Qd1 Ne5 23. Bf4 Qd7 24. h6 Bf8 25. Qd2 Nf3+ 26. gxf3 Qxh3 27. Bg5 Nh5 28. Nxh5 Qxh5 29. Qf4 Bd6 30. Qxd6 Qxg5+ 31. Kf1 Qxh6 32. Kg2 Qg5+ 33. Kf1 d4 34. Qd7 Re7 35. Qd6 Bxf3 36. Qg3 Qh5 0-1


[Site "https://www.chess.com"]

[Event "Early Titled Tuesday Blitz | February 8 2022"]
[White "Chigaev, Maksim"]
[Black "Pires, Marcos Vinicius Torsani"]
[WhiteFideId "4108116"]
[BlackFideId "2118939"]
[WhiteElo "2502"]
[BlackElo "2273"]
[Result "1-0"]
[Round "01"]
[TimeControl "180+1"]
[Date "2022.02.08"]
[WhiteClock "0:00:08"]
[BlackClock "0:00:45"]

1. c4 c6 2. Nf3 d5 3. e3 Nf6 4. Nc3 a6 5. d4 Bf5 6. Ne5 e6 7. Qb3 Ra7 8. Bd2 Nbd7 9. cxd5 exd5 10. Bd3 Bxd3 11. Nxd3 Bd6 12. h3 O-O 13. O-O Re8 14. Rfd1 Qe7 15. Ne2 Ne4 16. Bb4 Ndf6 17. Bxd6 Nxd6 18. Nc3 Nfe4 19. Qc2 g6 20. Nxe4 Nxe4 21. b4 Nd6 22. a4 Nc4 23. Qb3 b5 24. Nc5 Kg7 25. Ra2 Rea8 26. Rda1 Qc7 27. Qc3 Kg8 28. e4 a5 29. exd5 axb4 30. Qxb4 cxd5 31. Qxb5 Rb8 32. Na6 Rxb5 33. Nxc7 Rba5 34. Nb5 Ra8 35. g4 Nb6 36. Nc3 Rc8 37. Ne2 Rc4 38. Rb1 Raxa4 39. Rxa4 Nxa4 40. Rb5 Rc2 41. Kf1 Nc3 42. Nxc3 Rxc3 43. Kg2 Rd3 44. Rxd5 Kg7 45. g5 Rd1 46. h4 Rd3 47. f3 h6 48. Kg3 hxg5 49. hxg5 Rd1 50. Rd7 Rg1+ 51. Kf4 Rd1 52. d5 Kf8 53. Ke5 Ke8 54. Ra7 Rd3 55. f4 Rb3 56. Ra8+ Kd7 57. Kf6 Rf3 58. Kxf7 Rxf4+ 59. Kxg6 Kd6 60. Rd8+ Ke7 61. Rb8 Kd6 62. Re8 Kxd5 63. Kh6 Rh4+ 64. Kg7 Kd6 65. g6 Kd7 66. Re1 Kd8 67. Kf7 Rf4+ 68. Kg8 Rg4 69. g7 Rh4 70. Re3 Kd7 71. Kf7 Rf4+ 72. Kg6 Rg4+ 73. Kf6 Rg1 74. Re5 Rf1+ 75. Rf5 Rg1 76. Rg5 Rf1+ 77. Kg6 1-0


[Site "https://www.chess.com"]

[Event "Early Titled Tuesday Blitz | February 8 2022"]
[White "Chincholimath, Halsagar"]
[Black "Maltsevskaya, Aleksandra"]
[WhiteFideId "5022487"]
[BlackFideId "24174041"]
[WhiteElo "1737"]
[BlackElo "2283"]
[Result "0-1"]
[Round "01"]
[TimeControl "180+1"]
[Date "2022.02.08"]
[WhiteClock "0:01:18"]
[BlackClock "0:00:04"]

1. e4 c6 2. Bc4 d5 3. Bb3 dxe4 4. Qh5 g6 5. Qh4 Nf6 6. Nc3 Bg7 7. f3 e3 8. dxe3 Nbd7 9. Nge2 Nc5 10. O-O Nxb3 11. axb3 O-O 12. e4 Qb6+ 13. Kh1 Bd7 14. Bh6 Rfd8 15. Nf4 Bxh6 16. Qxh6 Qc5 17. Nce2 Qxc2 18. Ng3 Qc5 19. Rad1 Be8 20. Rc1 Qe5 21. Nh3 c5 22. Ng5 b6 23. f4 Qxb2 24. e5 Rd2 25. exf6 exf6 26. Qxh7+ Kf8 27. Rce1 fxg5 28. Qh8+ Qxh8 29. f5 Bc6 30. fxg6 Bxg2+ 31. Kg1 Bxf1 32. Kxf1 Qd4 33. Re4 Qf2# 0-1


[Site "https://www.chess.com"]

[Event "Early Titled Tuesday Blitz | February 8 2022"]
[White "Coto Mederos, Michel"]
[Black "Sarana, Alexey"]
[WhiteFideId "3508528"]
[BlackFideId "24133795"]
[WhiteElo "2427"]
[BlackElo "2665"]
[Result "0-1"]
[Round "01"]
[TimeControl "180+1"]
[Date "2022.02.08"]
[WhiteClock "0:00:04"]
[BlackClock "0:01:48"]

1. c4 c5 2. Nc3 Nc6 3. Nf3 g6 4. e3 Bg7 5. d4 Nf6 6. d5 Nb8 7. e4 d6 8. Bd3 O-O 9. O-O e5 10. dxe6 Bxe6 11. h3 Nc6 12. Bf4 Nh5 13. Bh2 Qe7 14. Qd2 Rad8 15. Rad1 Ne5 16. Nxe5 Bxe5 17. f4 Bd4+ 18. Kh1 Qh4 19. f5 Bc8 20. Rf3 Be5 21. Nd5 Bd7 22. Qf2 Qxf2 23. Rxf2 Bc6 24. g4 Bxd5 25. exd5 Nf6 26. Bxe5 dxe5 27. Re1 Nd7 28. f6 Rfe8 29. Be4 Nb6 30. b3 Nc8 31. g5 h5 32. Bxg6 Nd6 33. Bc2 e4 34. Rfe2 Re5 35. Bxe4 Rxg5 36. Rg2 Rxg2 37. Bxg2 Ne8 38. Re7 b6 39. Bf3 Nxf6 40. Rxa7 h4 41. Kg2 Nd7 42. Rb7 f5 43. Kf2 Kf7 44. d6 Ke6 45. Bc6 Ne5 46. Bd5+ Kxd6 47. Rxb6+ Kc7 48. Rh6 Re8 49. Rxh4 Kb6 50. Rh6+ Ka5 51. a3 Nd3+ 52. Kf3 Rb8 53. Bb7 Rxb7 54. Rf6 Rxb3 55. Rxf5 Rxa3 56. Ke4 Kb4 57. Kd5 Ra8 58. h4 Rd8+ 59. Ke4 Rd4+ 60. Ke3 Nb2 61. h5 Nxc4+ 62. Ke2 Rh4 63. Kf2 Nd6 64. Rf6 Ne4+ 0-1


[Site "https://www.chess.com"]

[Event "Early Titled Tuesday Blitz | February 8 2022"]
[White "Cramling Bellon, Anna"]
[Black "Vusatiuk, Vladimir"]
[WhiteFideId "32009232"]
[BlackFideId "14118610"]
[WhiteElo "1905"]
[BlackElo "2157"]
[Result "0-1"]
[Round "01"]
[TimeControl "180+1"]
[Date "2022.02.08"]
[WhiteClock "0:00:07"]
[BlackClock "0:00:05"]

1. d4 Nf6 2. c4 e6 3. Nc3 Bb4 4. Qc2 d5 5. cxd5 exd5 6. Bg5 O-O 7. e3 h6 8. Bh4 Re8 9. Nf3 c6 10. Bd3 Nbd7 11. O-O Bd6 12. Rac1 Qe7 13. a3 g5 14. Bg3 Bxg3 15. hxg3 a5 16. Rfe1 Ne4 17. Nd2 f5 18. Nf1 Ndf6 19. f3 Nxc3 20. bxc3 f4 21. exf4 Qxe1 22. Rxe1 Rxe1 23. Kf2 Re7 24. fxg5 hxg5 25. Ne3 Bd7 26. Bf5 Be8 27. Ng4 Kg7 28. Qd2 Nxg4+ 29. Bxg4 Kf8 30. Qxg5 Bf7 31. Qh6+ Kg8 32. Bf5 Be8 33. Be6+ Bf7 34. Qg5+ Kf8 35. Bf5 Ke8 36. Qh6 Bg8 37. Qf6 Rd8 38. Bg6+ Kd7 39. Qf5+ Be6 40. Qg5 Rg8 41. Qf6 Reg7 42. Bf5 Bxf5 43. Qxf5+ Kc7 44. g4 Re8 45. Qf4+ Kb6 46. Qf6 Rge7 47. Kg3 Kb5 48. Qd6 Kc4 49. Qc5+ Kd3 50. a4 Re6 51. Qxa5 b6 52. Qxb6 Kxc3 53. Qc5+ Kd3 54. a5 Ra8 55. Qb4 Rae8 56. a6 Re1 57. Qb3+ Kxd4 58. a7 R1e7 59. Qb6+ c5 60. Qc6 Rxa7 61. Qxe8 c4 62. Qh8+ Kd3 63. Qe5 Ra3 64. Qxd5+ Kc3 65. Qc5 Kb3 66. g5 c3 67. Kf4 c2 68. g6 Ra4+ 69. Kf5 Rc4 70. Qb5+ Kc3 71. Qa4 c1=Q 72. Qa2 Rc5+ 73. Ke6 Qe3+ 74. Kd7 Qd3+ 75. Ke7 Re5+ 76. Kf6 Qf5+ 77. Kg7 Re7+ 78. Kh6 Qf4+ 79. Kh5 Re5# 0-1


[Site "https://www.chess.com"]

[Event "Early Titled Tuesday Blitz | February 8 2022"]
[White "Cunjalo, Faris"]
[Black "Nilsen, Tobias Lang"]
[WhiteFideId "14410710"]
[BlackFideId "1521624"]
[WhiteElo "2263"]
[BlackElo "2013"]
[Result "1-0"]
[Round "01"]
[TimeControl "180+1"]
[Date "2022.02.08"]
[WhiteClock "0:00:38"]
[BlackClock "0:00:18"]

1. f4 d5 2. Nf3 g6 3. g3 Bg7 4. Bg2 Nh6 5. O-O Nf5 6. d3 d4 7. c3 c5 8. Bd2 O-O 9. Na3 Nc6 10. cxd4 cxd4 11. Nc4 Be6 12. Rc1 Rc8 13. a4 Bd5 14. b4 a6 15. b5 axb5 16. axb5 Nb8 17. Qa4 Nd7 18. g4 Bxc4 19. Rxc4 Ne3 20. Rxc8 Qxc8 21. Rc1 Qb8 22. Bxe3 dxe3 23. Qe4 Nf6 24. Qe5 Nxg4 25. Qxb8 Rxb8 26. Rc7 Nh6 27. Ne5 Bxe5 28. fxe5 b6 29. Rxe7 Nf5 30. Rd7 Rc8 31. Bd5 Nh4 32. h3 Rc1+ 33. Kh2 Re1 34. Rxf7 Kh8 35. e6 Rxe2+ 36. Kg3 Rg2+ 37. Bxg2 e2 38. Kf2 Nxg2 39. Kxe2 Kg8 40. Rf2 Nh4 41. e7 1-0


[Site "https://www.chess.com"]

[Event "Early Titled Tuesday Blitz | February 8 2022"]
[White "De Arruda, Leandro Formes"]
[Black "Gabdrakhmanov, Azat"]
[WhiteFideId "22722009"]
[BlackFideId "34189197"]
[WhiteElo "1780"]
[BlackElo "2279"]
[Result "0-1"]
[Round "01"]
[TimeControl "180+1"]
[Date "2022.02.08"]
[WhiteClock "0:00:20"]
[BlackClock "0:00:54"]

1. d4 Nf6 2. e3 g6 3. Nf3 Bg7 4. Be2 O-O 5. O-O d6 6. b3 Nbd7 7. Bb2 c6 8. a4 Qc7 9. Na3 Re8 10. Rc1 c5 11. Nb5 Qd8 12. dxc5 Nxc5 13. Bd4 a6 14. Na3 Qc7 15. Nc4 b5 16. axb5 axb5 17. Nb2 Bd7 18. Nd3 Nce4 19. c4 bxc4 20. Rxc4 Qb7 21. b4 Bb5 22. Rc1 Ra2 23. Re1 e5 24. Ba1 Qa6 25. h3 Rxe2 26. Rxe2 Bxd3 27. Rb2 Bb5 28. Qb3 d5 29. Ra2 Qd6 30. Rd1 Bc4 31. Qxc4 dxc4 32. Rxd6 Nxd6 33. Bxe5 Nfe4 34. Bxg7 Kxg7 35. Ra7 c3 36. Nd4 Nf5 37. Nxf5+ gxf5 38. Rc7 0-1


[Site "https://www.chess.com"]

[Event "Early Titled Tuesday Blitz | February 8 2022"]
[White "De Silva, L M S T"]
[Black "Gombocz, Ferenc Jr."]
[WhiteFideId "9953698"]
[BlackFideId "775029"]
[WhiteElo "1631"]
[BlackElo "1913"]
[Result "1-0"]
[Round "01"]
[TimeControl "180+1"]
[Date "2022.02.08"]
[WhiteClock "0:01:13"]
[BlackClock "0:00:03"]

1. e4 e5 2. Nf3 Nc6 3. Bb5 a6 4. Ba4 d6 5. O-O g6 6. d4 exd4 7. Nxd4 Bd7 8. c3 Bg7 9. Bc2 Nge7 10. Be3 O-O 11. Nd2 d5 12. N4b3 dxe4 13. Nxe4 Bf5 14. Qe2 Re8 15. Rad1 Qc8 16. f3 Ne5 17. Bd4 N7c6 18. Be3 Be6 19. Qf2 f5 20. Ng5 Bc4 21. Rfe1 h6 22. Nh3 Bf7 23. Qh4 g5 24. Bxg5 Ng6 25. Qg3 hxg5 26. Qxg5 Rxe1+ 27. Rxe1 Qd8 28. Qxf5 Qf6 29. Qd7 Nce5 30. Qxc7 Nh4 31. Nd4 Rd8 32. Rxe5 Qxe5 33. Qxd8+ Be8 34. Bb3+ Kf8 35. Ne6+ Kf7 36. Nxg7+ Kxg7 37. Qxh4 Qe3+ 38. Qf2 Qc1+ 39. Qf1 Qe3+ 40. Nf2 Qd2 41. Nd3 Qe3+ 42. Kh1 Bb5 43. c4 Bc6 44. Nb4 1-0


[Site "https://www.chess.com"]

[Event "Early Titled Tuesday Blitz | February 8 2022"]
[White "Demin, Vladimir"]
[Black "Shimanov, Aleksandr"]
[WhiteFideId "4167457"]
[BlackFideId "4198603"]
[WhiteElo "2488"]
[BlackElo "2636"]
[Result "1/2-1/2"]
[Round "01"]
[TimeControl "180+1"]
[Date "2022.02.08"]
[WhiteClock "0:00:06"]
[BlackClock "0:00:05"]

1. d4 d5 2. Nc3 Nf6 3. Bf4 c5 4. e3 cxd4 5. exd4 Bg4 6. f3 Bd7 7. g4 e6 8. Bd3 Nc6 9. Nge2 a6 10. a3 b5 11. h4 Qb6 12. Be3 Bd6 13. h5 h6 14. Qd2 Na5 15. b3 Rc8 16. Kf2 b4 17. Nb1 Ke7 18. a4 Nc6 19. Qd1 Kd8 20. Nd2 Kc7 21. a5 Nxa5 22. Qb1 Ra8 23. c4 bxc3 24. Rc1 Rhb8 25. Rxc3+ Kd8 26. g5 hxg5 27. Bxg5 Be7 28. Qh1 Rc8 29. Rxc8+ Rxc8 30. h6 gxh6 31. Qxh6 Ne8 32. Bxe7+ Kxe7 33. Qh4+ Nf6 34. Nf1 Nb7 35. Ne3 Nd6 36. Ng4 Ne8 37. Rxa6 Qxb3 38. Ne5 Rc7 39. Qh8 Qb7 40. Ra1 Qb2 41. Rg1 Bb5 42. Bxb5 Qxb5 43. Qh4 Kd8 44. Rg8 Ke7 45. Rh8 Qb1 46. Rh6 Qb2 47. Ng4 Rc2 48. Rxf6 Rxe2+ 49. Kg3 Rg2+ 50. Kh3 Rh2+ 51. Nxh2 Nxf6 52. Ng4 Qxd4 53. Qg5 Qc3 54. Kg2 Qb2+ 55. Kh3 Qd4 56. Kg2 Qb2+ 57. Kh3 Qa1 58. Kg2 Qd4 59. Kh3 Qb2 60. Kg3 Qa1 61. Kg2 Qd4 62. Kh2 Qb2+ 63. Kg3 Qa1 64. Kg2 1/2-1/2


[Site "https://www.chess.com"]

[Event "Early Titled Tuesday Blitz | February 8 2022"]
[White "Devaev, Alexander"]
[Black "Lashkin, Jegor"]
[WhiteFideId "4169395"]
[BlackFideId "13907808"]
[WhiteElo "2185"]
[BlackElo "2344"]
[Result "0-1"]
[Round "01"]
[TimeControl "180+1"]
[Date "2022.02.08"]
[WhiteClock "0:02:04"]
[BlackClock "0:01:21"]

1. d4 d5 2. c4 e6 3. cxd5 exd5 4. Nc3 c6 5. Nf3 Bf5 6. Bf4 Nd7 7. e3 Be7 8. Be2 h6 9. O-O Ngf6 10. Ne5 O-O 11. Nxd7 Qxd7 12. Bd3 Bxd3 13. Qxd3 Bd6 14. Bxd6 Qxd6 15. Rab1 a5 16. Rfe1 Ng4 17. g3 Rfe8 18. Rbd1 Nf6 19. f3 Qb4 20. Rd2 Rad8 21. e4 dxe4 22. fxe4 Ng4 23. a3 Qb3 24. Rf1 Ne5 25. Qe2 Nc4 26. Rdd1 Nxb2 0-1


[Site "https://www.chess.com"]

[Event "Early Titled Tuesday Blitz | February 8 2022"]
[White "Di Nicolantonio, Lucas"]
[Black "Necula, Iulian"]
[WhiteFideId "680460"]
[BlackFideId "1232380"]
[WhiteElo "2381"]
[BlackElo "1776"]
[Result "1-0"]
[Round "01"]
[TimeControl "180+1"]
[Date "2022.02.08"]
[WhiteClock "0:02:10"]
[BlackClock "0:01:48"]

1. e4 g6 2. d4 c6 3. Nc3 d5 4. Be3 dxe4 5. Nxe4 Nf6 6. Nxf6+ exf6 7. Qd2 Bg7 8. h4 O-O 9. h5 Bf5 10. O-O-O Re8 11. Bh6 Bh8 12. Ne2 Be6 13. Nf4 Nd7 14. hxg6 fxg6 15. Nxe6 Rxe6 16. Bc4 1-0


[Site "https://www.chess.com"]

[Event "Early Titled Tuesday Blitz | February 8 2022"]
[White "Dobre, Claudiu-Cristian"]
[Black "Indjic, Aleksandar"]
[WhiteFideId "1211854"]
[BlackFideId "911925"]
[WhiteElo "2207"]
[BlackElo "2616"]
[Result "0-1"]
[Round "01"]
[TimeControl "180+1"]
[Date "2022.02.08"]
[WhiteClock "0:00:04"]
[BlackClock "0:01:52"]

1. c4 b6 2. Nf3 Bb7 3. g3 c5 4. Bg2 g6 5. O-O Bg7 6. d4 cxd4 7. Nxd4 Bxg2 8. Kxg2 Qc8 9. Na3 Nc6 10. Nac2 Nxd4 11. Nxd4 Qxc4 12. Be3 Nf6 13. b3 Qd5+ 14. f3 O-O 15. Qd3 Qb7 16. Rac1 Rac8 17. Nb5 a6 18. Nc3 b5 19. Rfd1 d6 20. Nd5 Nxd5 21. Qxd5 Qxd5 22. Rxd5 Rxc1 23. Bxc1 Rc8 24. Bg5 Rc2 25. Kf2 Kf8 26. Rd2 Rc6 27. Be3 e6 28. Bd4 Bxd4+ 29. Rxd4 h5 30. a4 Ke7 31. axb5 axb5 32. Rb4 Rc5 33. h4 e5 34. g4 Ke6 35. gxh5 gxh5 36. Ke3 d5 37. Kd2 f6 38. e3 Kd6 39. f4 Kc7 40. fxe5 fxe5 41. e4 d4 0-1


[Site "https://www.chess.com"]

[Event "Early Titled Tuesday Blitz | February 8 2022"]
[White "Dobrov, Vladimir"]
[Black "Borisova, Ekaterina"]
[WhiteFideId "4136594"]
[BlackFideId "34124184"]
[WhiteElo "2614"]
[BlackElo "2034"]
[Result "1-0"]
[Round "01"]
[TimeControl "180+1"]
[Date "2022.02.08"]
[WhiteClock "0:00:41"]
[BlackClock "0:00:01"]

1. d4 Nf6 2. c4 e6 3. Nf3 d5 4. Nc3 Bb4 5. Qa4+ Nc6 6. a3 Bxc3+ 7. bxc3 Ne4 8. Qc2 O-O 9. e3 a6 10. Bd3 Nf6 11. O-O dxc4 12. Bxc4 e5 13. Nxe5 Nxe5 14. dxe5 Ng4 15. f4 Qh4 16. h3 Nxe5 17. Be2 Nc6 18. e4 Re8 19. Bf3 Be6 20. Be3 Rad8 21. Rab1 b5 22. Rbd1 Na5 23. Qf2 Qxf2+ 24. Kxf2 Bb3 25. Rd4 Nc4 26. Rxd8 Rxd8 27. Bd4 h6 28. Be2 Nxa3 29. Ra1 Nc2 30. Rxa6 Nxd4 31. cxd4 Rxd4 32. Bxb5 Rxe4 33. Ra8+ Kh7 34. Bd3 f5 35. Bxe4 fxe4 36. Rc8 Kg6 37. Rxc7 Bd5 38. g4 h5 39. Ke3 Ba8 40. Ra7 Bd5 41. Ra5 Bc6 42. Rxh5 1-0


[Site "https://www.chess.com"]

[Event "Early Titled Tuesday Blitz | February 8 2022"]
[White "Domingo Nunez, Alejandro"]
[Black "Winkels, Marcel"]
[WhiteFideId "22245561"]
[BlackFideId "1003887"]
[WhiteElo "2215"]
[BlackElo "1900"]
[Result "1-0"]
[Round "01"]
[TimeControl "180+1"]
[Date "2022.02.08"]
[WhiteClock "0:01:55"]
[BlackClock "0:00:26"]

1. Nf3 Nf6 2. g3 d5 3. Bg2 Nbd7 4. d4 Nb6 5. a4 a5 6. c3 Bf5 7. Nh4 Bg6 8. Nxg6 hxg6 9. Nd2 e6 10. Qb3 Be7 11. e4 O-O 12. O-O c6 13. e5 Nfd7 14. f4 c5 15. Nf3 Nc4 16. Qd1 Rc8 17. b3 Ncb6 18. Bd2 c4 19. b4 axb4 20. a5 bxc3 21. Bxc3 Na8 22. Qb1 Qc7 23. g4 b6 24. a6 Rb8 25. f5 b5 26. fxe6 fxe6 27. Qxg6 Qc6 28. Bd2 c3 29. Bh6 Rf7 30. Ng5 Bxg5 31. Qxf7+ Kh7 32. Qxg7# 1-0


[Site "https://www.chess.com"]

[Event "Early Titled Tuesday Blitz | February 8 2022"]
[White "Dylag, Emilia"]
[Black "Weetik, Vjacheslav"]
[WhiteFideId "21805172"]
[BlackFideId "4153472"]
[WhiteElo "1932"]
[BlackElo "2469"]
[Result "0-1"]
[Round "01"]
[TimeControl "180+1"]
[Date "2022.02.08"]
[WhiteClock "0:00:05"]
[BlackClock "0:00:03"]

1. d4 Nf6 2. c4 g6 3. Nf3 Bg7 4. g3 c6 5. Bg2 d5 6. Nbd2 O-O 7. O-O a5 8. Re1 a4 9. e4 dxe4 10. Nxe4 Nxe4 11. Rxe4 a3 12. bxa3 Nd7 13. Bb2 Nc5 14. Re2 Na4 15. Qb3 Bg4 16. Rd1 Nxb2 17. Qxb2 c5 18. Qxb7 Rxa3 19. Red2 Bxf3 20. Bxf3 Bxd4 21. Bd5 e6 22. Bg2 Qa5 23. Qb1 Kg7 24. h4 h5 25. Kh2 Qc7 26. Rd3 Rxd3 27. Qxd3 Bxf2 28. Rf1 Bd4 29. Be4 Qe7 30. Bg2 Rb8 31. Rb1 Rd8 32. Qe4 f5 33. Rb7 Rd7 34. Rxd7 Qxd7 35. Qc6 Qe7 36. a4 Be5 37. Kh3 Bc7 38. a5 Bxa5 39. Qb7 Bc7 40. Qc6 Kf6 41. Qf3 Qd6 42. Qc6 Qxg3# 0-1


[Site "https://www.chess.com"]

[Event "Early Titled Tuesday Blitz | February 8 2022"]
[White "Dzhaparov, Medet"]
[Black "Ozen, Deniz"]
[WhiteFideId "13803689"]
[BlackFideId "6349196"]
[WhiteElo "1702"]
[BlackElo "2326"]
[Result "0-1"]
[Round "01"]
[TimeControl "180+1"]
[Date "2022.02.08"]
[WhiteClock "0:00:16"]
[BlackClock "0:00:21"]

1. e4 e5 2. Nf3 Nf6 3. Nxe5 d5 4. exd5 Qxd5 5. Nf3 Nc6 6. Nc3 Qh5 7. Be2 Bg4 8. O-O Bd6 9. h3 Bxh3 10. gxh3 Qxh3 11. Re1 O-O-O 12. Bf1 Qh5 13. Bg2 g5 14. d3 g4 15. Nd2 Nd4 16. Kf1 Rhg8 17. Nce4 Nxe4 18. Nxe4 Nf3 19. Nf6 Qh4 20. Nxg8 Nh2+ 21. Ke2 Rxg8 22. Be3 f5 23. Bd5 Re8 24. Kd2 c6 25. Bg2 f4 26. Bd4 Rd8 27. Rh1 f3 28. Bf1 Bf4+ 29. Be3 Qxf2+ 30. Kc1 Qxe3+ 31. Kb1 g3 32. Bh3+ Kc7 33. a3 g2 34. Re1 Re8 35. Rxe3 Bxe3 36. Ka2 g1=Q 37. Qxg1 Bxg1 38. Rxg1 f2 39. Rh1 Nf3 40. Rf1 Ng5 41. Bf5 Re2 42. Kb3 Kd6 43. Bxh7 Ke5 44. Bg8 Kf4 45. Kc3 Ke3 46. d4 Ne4+ 47. Kb3 Nd2+ 48. Kc3 Nxf1 49. Bc4 Ng3 0-1


[Site "https://www.chess.com"]

[Event "Early Titled Tuesday Blitz | February 8 2022"]
[White "Erigaisi Arjun"]
[Black "Lucas, Arthur"]
[WhiteFideId "35009192"]
[BlackFideId "26093073"]
[WhiteElo "2745"]
[BlackElo "2129"]
[Result "1-0"]
[Round "01"]
[TimeControl "180+1"]
[Date "2022.02.08"]
[WhiteClock "0:01:39"]
[BlackClock "0:01:02"]

1. e4 g6 2. d4 Bg7 3. Nc3 a6 4. Be3 d6 5. Qd2 b5 6. a4 b4 7. Nd5 a5 8. f3 e6 9. Nf4 Ne7 10. h4 h6 11. g4 Nd7 12. Nge2 Nb6 13. Ng3 Bb7 14. Bb5+ c6 15. Be2 Qc7 16. b3 c5 17. O-O-O cxd4 18. Bxd4 Bxd4 19. Qxd4 e5 20. Qxd6 Qxd6 21. Rxd6 Nec8 22. Bb5+ Ke7 23. Nxg6+ fxg6 24. Rxg6 Nd6 25. Rd1 Nbc8 26. Nf5+ Nxf5 27. Rd7+ Kf8 28. Rf6+ Kg8 29. Bc4+ 1-0


[Site "https://www.chess.com"]

[Event "Early Titled Tuesday Blitz | February 8 2022"]
[White "Estrada Nieto, Julian"]
[Black "Abdrlauf, Elham"]
[WhiteFideId "5101018"]
[BlackFideId "1533533"]
[WhiteElo "2246"]
[BlackElo "2334"]
[Result "0-1"]
[Round "01"]
[TimeControl "180+1"]
[Date "2022.02.08"]
[WhiteClock "0:00:02"]
[BlackClock "0:00:04"]

1. e4 c6 2. d4 d5 3. exd5 cxd5 4. Bd3 Nc6 5. c3 e6 6. Nf3 Bd6 7. O-O Nge7 8. Bg5 f6 9. Bh4 g5 10. Bg3 h5 11. Re1 h4 12. Bxd6 Qxd6 13. h3 Kf7 14. c4 Bd7 15. Nc3 Rag8 16. Nh2 Nxd4 17. cxd5 Nxd5 18. Bc4 Nf4 19. Ne4 Qb6 20. Re3 Bc6 21. Nf3 Rd8 22. Nexg5+ fxg5 23. Nxg5+ Ke7 24. Qg4 Rhf8 25. Qxh4 Nxg2 26. Qh7+ Kd6 27. Rd1 Nxe3 28. fxe3 Rd7 29. Qh6 Kc7 30. exd4 Rg8 31. Qf6 Rdg7 32. Qe5+ Kc8 33. Bxe6+ Bd7 34. Bxg8 Rxg8 35. Rc1+ Bc6 36. h4 Qd8 37. d5 Re8 38. Qc3 Qxd5 39. Qh3+ Kb8 40. Qg3+ Ka8 41. Kh2 Qd2+ 42. Kh3 Bd7+ 0-1


[Site "https://www.chess.com"]